 Dungeon Crawl Stone Soup version 0.19.5 (webtiles) character file.

71 manyhoops the Sneak (level 4, -3/21 HPs)
             Began as a Spriggan Enchanter on May 10, 2017.
             Killed by divine providence
             ... invoked by an orc priest
              (12 damage)
             ... on level 3 of the Dungeon.
             The game lasted 00:03:43 (1847 turns).

manyhoops the Sneak (Spriggan Enchanter)            Turns: 1847, Time: 00:03:44

Health: -3/21      AC: 10    Str:  4    XL:     4   Next: 5%
Magic:  0/9        EV: 18    Int: 17    God:
Gold:   69         SH:  0    Dex: 16    Spells: 3 memorised, 2 levels left

rFire  . . .     SeeInvis +     q - +2 dagger (protect)
rCold  . . .     Gourm    .     b - +1 robe
rNeg   . . .     Faith    .     (shield restricted)
rPois  .         Spirit   .     (helmet restricted)
rElec  .         Reflect  .     (no cloak)
rCorr  .         Harm     .     (gloves unavailable)
MR     .....                    (boots unavailable)
Stlth  +++.......               (no amulet)
                                (no ring)
                                (no ring)

@: protection aura, flying, very slightly contaminated, hasted, very quick
A: unfitting armour, see invisible, herbivore 3, speed 3, slow metabolism 2
a: no special abilities


You were on level 3 of the Dungeon.
You were not hungry.

You visited 1 branch of the dungeon, and saw 3 of its levels.

You collected 69 gold pieces.

Inventory:

Hand Weapons
 n - a +2 dagger of speed
 q - a +2 dagger of protection (weapon)
Armour
 b - a +1 robe (worn)
Scrolls
 a - a scroll of blinking {unknown}
 e - a scroll of random uselessness {unknown}
 g - a scroll of identify {unknown}
 h - a scroll of enchant weapon
 i - a scroll of fog {unknown}
 l - 5 scrolls of remove curse
 p - a scroll of recharging {unknown}
 r - a scroll of immolation {unknown}
Potions
 m - a potion of flight
 o - a potion of resistance {unknown}
Books
 c - a book of Maledictions

   Spells                             Type                      Level
   a - Corona                         Hexes                        1
   b - Ensorcelled Hibernation        Hexes/Ice                    2
   c - Confuse                        Hexes                        3
   d - Tukima's Dance                 Hexes                        3
   e - Dazzling Spray                 Conjuration/Hexes            3
Comestibles
 d - 2 bread rations
 f - a slice of pizza


   Skills:
 - Level 4.1 Short Blades
 - Level 3.0 Dodging
 - Level 4.4 Stealth
 * Level 2.9 Spellcasting
 + Level 3.7 Hexes


You had 2 spell levels left.
You knew the following spells:

 Your Spells              Type           Power        Failure   Level  Hunger
a - Corona                Hex            ###....      4%          1    None
b - Ensorcelled Hibernat  Hex/Ice        #.....       14%         2    ##.....
c - Confuse               Hex            ###.....     14%         3    ###....


Dungeon Overview and Level Annotations

Branches:
Dungeon (3/15)

Altars:
Hepliaklqana
Zin


Innate Abilities, Weirdness & Mutations

You are very small and have problems with some larger weapons.
You are too small for most types of armour.
You have supernaturally acute eyesight. (SInv)
You are a herbivore.
You cover ground extremely quickly.
You need consume almost no food.


Message History

You hit the orc priest but do no damage.
The orc priest is severely wounded.
The orc priest misses you.
You completely miss the orc priest.
The orc priest is severely wounded.
Casting: Ensorcelled Hibernation
Confirm with . or Enter, or press ? or * to list all spells.
Aiming: Ensorcelled Hibernation
Press: ? - help, Shift-Dir - straight line, f/p - orc priest
Aim: an orc priest, wielding a club and wearing a leather armour (severely wounded, chance to defeat MR: 39%)
The orc priest resists with some effort.
The orc priest hits you with a club.
You hit the orc priest but do no damage.
The orc priest is severely wounded.
You hit the orc priest but do no damage.
The orc priest is severely wounded.
The orc priest calls down the wrath of Beogh upon you.
Beogh smites you!
Ouch! That really hurt!
You die...

#...............###
..####..###+###.# #....o#
#.## ....###.###.###..######
#..####.###_..+).......
#.......###.###........
#.###...# #.#######
......#.###+###..#######
.######.).o@)†........<#####
#.####.#.............. ...#
#........<.###### #....#
####.(......#
....................#
###....######........#
#....# ....>.......# #....
####........# #........#


You could see an orc priest.

Vanquished Creatures
  Jessica (D:2)
  An adder (D:2)
  2 worms
  A dart slug (D:1)
  2 orcs (D:3)
  6 bats
  A giant cockroach (D:2)
  5 goblins
  2 hobgoblins
  A frilled lizard (D:1)
  2 kobolds
  A rat (D:3)
25 creatures vanquished.

Notes
Turn   | Place    | Note
-------+----------+-------------------------------------------
     0 | D:1      | manyhoops the Spriggan Enchanter began the quest for the Orb.
     0 | D:1      | Reached XP level 1. HP: 9/9 MP: 5/5
   324 | D:1      | Reached XP level 2. HP: 12/13 MP: 6/6
   341 | D:1      | Learned a level 2 spell: Ensorcelled Hibernation
   844 | D:2      | Noticed Jessica
   856 | D:2      | Killed Jessica
   856 | D:2      | Reached XP level 3. HP: 12/16 MP: 2/8
  1517 | D:2      | Found a hazy altar of Hepliaklqana.
  1738 | D:3      | Learned a level 3 spell: Confuse
  1784 | D:3      | Found a glowing silver altar of Zin.
  1801 | D:3      | Reached XP level 4. HP: 21/21 MP: 4/9
  1828 | D:3      | HP: 1/21 [orc priest/divine providence (10)]
  1847 | D:3      | Killed from afar by an orc priest

Skill      XL: |  1  2  3 |
---------------+----------+-----
Short Blades   | 2 3 4 |  4.1
Dodging        | |  3.0
Stealth        | |  4.4
Spellcasting   | |  2.9
Hexes          | |  3.7

Action                   |  1- 3 |  4- 6 || total
-------------------------+-------+-------++-------
Melee: Dagger            |    89 |    26 ||   115
 Cast: Ensorcelled Hiber |    13 |     3 ||    16
  Use: Scroll            |     2 |       ||     2
       Potion            |     1 |     3 ||     4
 Stab: Sleeping          |    11 |     1 ||    12
Armor: Robe              |    24 |     3 ||    27
Dodge: Dodged            |    82 |    14 ||    96
